 Dungeon Crawl Stone Soup version 0.32-a0-422-g28b100f618 (webtiles) character file.

Game seed: 18111539400395733293

67 shadowstone the Sneak (level 4, -1/3 HPs)
             Began as a Coglin Brigand on Feb 21, 2024.
             Slain by a cerulean imp
             ... wielding a +2 spear
             ... summoned by Natasha
              (3 damage)
             ... on level 3 of the Dungeon.
             The game lasted 00:07:22 (2367 turns).

shadowstone the Sneak (Coglin Brigand)              Turns: 2367, Time: 00:07:22

Health: -1/3       AC:  1    Str: 13    XL:     4   Next: 18%
Magic:  4/4        EV: 12    Int: 10    God:
Gold:   114        SH:  0    Dex: 16    Spells: 3/3 levels left

rFire   . . .        a - +2 dagger {Marisol}
rCold   . . .        (no shield)
rNeg    . . .        i - melded +0 plate armour
rPois   .            (no helmet)
rElec   .            c - +0 cloak
rCorr   .            (no gloves)
SInv    .            (no boots)
Will    .....        (no amulet)
Stlth   +++          (no ring)
HPRegen 0.20/turn    (no ring)
MPRegen 0.09/turn

%: no passive effects
@: maw-form, immotile, revved
A: devouring maw, reduced hp, off-hand wielding, slow wielding, warmup strikes,
legs shutdown
a: Begin Untransformation


You were on level 3 of the Dungeon.
You were a creature with a mouth for a stomach.
You visited 1 branch of the dungeon, and saw 3 of its levels.

You collected 114 gold pieces.

Inventory:

Hand Weapons
 a - a +2 dagger (weapon) {Marisol}
Missiles
 d - 9 poisoned darts (quivered)
 e - 3 curare-tipped darts
Armour
 b - a +0 robe
 c - a +0 cloak (worn)
 i - a +0 plate armour (melded)
 l - a +0 pair of boots
Jewellery
 k - a ring of magical power
Talismans
 p - a maw talisman (active)
Scrolls
 g - a scroll of teleportation
 m - 2 scrolls of identify {unknown}
 n - a scroll of enchant weapon {unknown}
Potions
 f - a potion of curing {unknown}
 h - a potion of mutation {unknown}
 j - a potion of haste {unknown}
 o - a potion of berserk rage {unknown}


   Skills:
 + Level 2.2 Fighting
 + Level 2.1 Short Blades
 + Level 2.5 Throwing
 + Level 0.4 Armour
 + Level 1.0 Dodging
 + Level 4.0 Stealth


You had 3 spell levels left.
You didn't know any spells.
Your spell library contained the following spells:

 Spells                   Type           Power      Damage    Failure   Level
 Magic Dart               Conj           0%         1d3       36%         1
 Searing Ray              Conj           0%         2d4       50%         2
 Fugue of the Fallen      Necr           0%         N/A       75%         3
 Ozocubu's Armour         Ice            0%         N/A       75%         3
 Fulminant Prism          Conj/Alch      0%         3d5       98%         4
 Manifold Assault         Tloc           0%         N/A       98%         4


Dungeon Overview and Level Annotations

Branches:
Dungeon (3/15)

Altars:

Shops:
D:1 (!?

Annotations:
D:3 Natasha


Innate Abilities, Weirdness & Mutations

You are a creature with a mouth for a stomach.
Your midsection houses a second, enormous mouth.
Your maximum health is decreased, since you lack skill for your form.
You can wield a second weapon in your off-hand.
It takes a long time for you to wield or remove held weapons.
Your first few attacks do less damage.
Attacking and casting redirects power from your legs.


Message History

You cannot move.
You cannot move.
You cannot move.
You cannot move.
You are no longer unable to travel.
You see here a hobgoblin corpse.
You see here a hobgoblin corpse.
Found a stone staircase leading up.
There is a stone staircase leading up here.
o - an inky potion You see here a maw talisman.
p - a maw talisman You begin transforming.
You continue transforming. x3
You turn into a creature with a mouth for a stomach.
Your +0 plate armour melds into your body.
Natasha, Servant of Life and Death comes into view.
Found a stone staircase leading up.
Natasha hisses angrily.
Natasha mumbles some strange words.
Natasha shimmers violently.
Natasha growls.
Natasha barely misses you.
You hit Natasha.
Natasha is moderately wounded.
Natasha claws you.
Ouch! That really hurt!
You closely miss Natasha.
Natasha is moderately wounded.
Natasha casts a spell.
You completely miss Natasha. You bite Natasha, but do no damage.
Natasha is moderately wounded.
Natasha misses you.
You closely miss Natasha. Your bite misses Natasha.
Natasha is moderately wounded.
The cerulean imp closely misses you. Natasha barely misses you.
You hit Natasha.
Natasha is severely wounded.
The cerulean imp hits you with a +2 spear.
Ouch! That really hurt!
You die...

#..... #..#.##.# ##
#.......# .# ## #....#..#
# .# #...# #.......#.# .#
#...# #.........## .#
#...# #h#..!...... .#
#...# #W...##..#
<######...######5.......#
.#.............###...##..#
...................#.#
##.............##..#.#
######...#######.......#
#...# #.##.#.## #...# #.#
.#.# #...# #.# <# #


You could see Natasha and a cerulean imp (summoned).

Vanquished Creatures
  An adder (D:2)
  A dart slug (D:1)
  An orc (D:2)
  3 bats (D:2)
  2 endoplasms
  4 goblins
  6 hobgoblins
  2 quokkas
  A ball python (D:2)
  3 frilled lizards (D:2)
  4 kobolds
  4 rats (D:1)
32 creatures vanquished.

Notes
Turn   | Place    | Note
-------+----------+-------------------------------------------
     0 | D:1      | shadowstone the Coglin Brigand began the quest for the Orb.
     0 | D:1      | Reached XP level 1. HP: 16/16 MP: 1/1
   104 | D:1      | Found Begaruwn's Antique Weapon Emporium.
   234 | D:1      | Reached XP level 2. HP: 8/22 MP: 2/2
   816 | D:1      | Found Urujoxov's Distillery.
  1036 | D:1      | Found Hoetre's Magic Scroll Shoppe.
  1266 | D:2      | Reached XP level 3. HP: 27/27 MP: 3/3
  1497 | D:2      | Reached skill level 4 in Stealth
  2035 | D:2      | Reached skill level 1 in Dodging
  2035 | D:2      | Reached XP level 4. HP: 26/33 MP: 4/4
  2358 | D:3      | Noticed Natasha
  2367 | D:3      | Slain by a cerulean imp

Illustrated notes

Levels and vault maps discovered:
D:1:      matt_arrival_spirals, layout_basic, serial_shops,
          nicolae_shop_gibbet_a_chance, shop, shop, chequers_serial_rivers_marsh
D:2:      layout_basic, minmay_door_square,
          nicolae_concentric_dashed_squares_mild, kennysheep_minor_cross,
          solitary_fountain
D:3:      layout_loops_cross, uniq_natasha

Skill      XL: |  1  2  3 |
---------------+----------+-----
Throwing       | 2 |  2.5
Short Blades   | 2 |  2.1
Stealth        | 4 |  4.0
Dodging        | 1 |  1.0
Fighting       | |  2.2
Armour         | |  0.4

Action                     |  1- 3 |  4- 6 || total
---------------------------+-------+-------++-------
  Melee: Dagger            |    57 |    16 ||    73
         Maw               |       |     1 ||     1
  Throw: Dart              |    61 |       ||    61
    Use: Scroll            |     1 |       ||     1
   Stab: Sleeping          |     1 |       ||     1
 Armour: Robe              |    16 |       ||    16
         Plate armour      |    61 |     9 ||    70
         Skin              |       |     2 ||     2
  Dodge: Dodged            |    17 |     7 ||    24
   Form: Maw               |       |     1 ||     1

Table legend: (Time is in decaauts)
 A = Elapsed time spent in this place.
 B = Non-inter-level travel time spent in this place.
 C = Inter-level travel time spent in this place.
 D = Time resting spent in this place.
 E = Time spent auto-exploring this place.
 F = Levels seen in this place.
 G = Mean time per level.
                   A        B        C        D        E       F      G
               +--------+--------+--------+--------+--------+-----+--------+
         Total |   2355 |   2218 |    137 |    313 |   1075 |   3 |  785.0 |
       Dungeon |   2355 |   2218 |    137 |    313 |   1075 |   3 |  785.0 |
               +--------+--------+--------+--------+--------+-----+--------+

Top non-repeatable levels by time:
     D:1: 1212 daAuts
     D:2: 915 daAuts
     D:3: 227 daAuts
